 Dungeon Crawl Stone Soup version 0.29.1-12-g30fa7ad0bf (webtiles) character file.

Game seed: 8376423226595592680

340 cheesebisquit the Cleaver (level 6, -3/52 HPs)
             Began as a Minotaur Berserker on Dec 28, 2022.
             Was a Believer of Trog.
             Slain by Blork the orc
             ... wielding a +0 trident
              (5 damage)
             ... on level 4 of the Dungeon.
             The game lasted 00:10:49 (2554 turns).

cheesebisquit the Cleaver (Minotaur Berserker)      Turns: 2554, Time: 00:10:50

Health: -3/52      AC:  7    Str: 24    XL:     6   Next: 30%
Magic:  5/5        EV: 10    Int: 13    God:    Trog [**....]
Gold:   105        SH:  0    Dex:  9    Spells: 5/5 levels left

rFire   . . .      SeeInvis .   a - +0 hand axe
rCold   . . .      Faith    .   (no shield)
rNeg    . . .      Spirit   .   c - +0 scale mail
rPois   .          Reflect  .   (helmet restricted)
rElec   .          Harm     .   (no cloak)
rCorr   .          Rampage  .   (no gloves)
Will    .....                   l - +0 pair of boots of Diahau {Int+9}
Stlth   ..........              (no amulet)
HPRegen 0.17/turn               (no ring)
MPRegen 0.09/turn               (no ring)

@: on berserk cooldown, slowed, very slow
A: horns 2, retaliatory headbutt
a: Renounce Religion, Berserk, Trog's Hand


You were on level 4 of the Dungeon.
You worshipped Trog.
Trog was pleased with you.
You visited 1 branch of the dungeon, and saw 4 of its levels.

You collected 105 gold pieces.

Inventory:

Hand Weapons
 a - a +0 hand axe (weapon)
Armour
 b - a +0 animal skin
 c - a +0 scale mail (worn)
 l - the +0 pair of boots of Diahau (worn) {Int+9}
   (You found it on level 4 of the Dungeon)

   Int:       It affects your intelligence (+9).
Scrolls
 d - a scroll of summoning {unknown}
 i - a scroll of immolation {unknown}
 j - a scroll of poison {unknown}
Potions
 e - 2 potions of heal wounds {unknown}
 f - 2 potions of cancellation
 g - 3 potions of flight
 h - 4 potions of mutation {unknown}
 k - 2 potions of lignification {unknown}


   Skills:
 - Level 3.8 Fighting
 + Level 8.3 Axes
 - Level 2.6 Armour
 - Level 2.4 Dodging


You had 5 spell levels left.
You didn't know any spells.
Your spell library was empty.

Dungeon Overview and Level Annotations

Branches:
Dungeon (4/15)
 Temple: D:4-7

Altars:

Annotations:
D:4 Blork the orc


Innate Abilities, Weirdness & Mutations

You have a pair of horns on your head.
You reflexively headbutt those who attack you in melee.


Message History

You closely miss the hound.
The orc priest shouts!
The hound closely misses you. The hound bites you but does no damage.
Blork the orc closely misses you.
You hit Blork the orc but do no damage.
You headbutt Blork the orc, but do no damage.
Blork the orc is lightly wounded.
You hit the hound. The hound barely misses you.
Blork the orc barely misses you. The hound bites you but does no damage.
You hit Blork the orc. You headbutt Blork the orc!
Blork the orc is moderately wounded.
You hit the hound.
The hound stops to sniff the ground.
The hound bites you.
Blork the orc hits you with a +0 trident.
The hound barely misses you. You furiously retaliate!
You headbutt the hound.
The orc priest looks encouraged for a moment.
Blork the orc hits you with a +0 trident.
* * * LOW HITPOINT WARNING * * *
Okay, then.
Okay, then.
The hound closely misses you.
Blork the orc mumbles some strange words.
Blork the orc seems to speed up.
The hound barely misses you. You furiously retaliate!
You headbutt the hound.
Blork the orc hits you but does no damage.
The hound closely misses you.
You slash the hound!
You kill the hound!
Trog accepts your kill.
Blork the orc points at you and mumbles some strange words.
The puff of flame hits you.
* * * LOW HITPOINT WARNING * * *
Blork the orc hits you but does no damage.
Blork the orc screams, "I'll decorate my home with your organs!"
Blork the orc hits you from afar with a +0 trident.
* * * LOW HITPOINT WARNING * * *
Okay, then.
Blork the orc hits you from afar with a +0 trident.
You die...

?. .# #.#.### ......
....# .... #
#og#########.#######
#..........#.......##
#o########.# ##......
#.o.@....#.# #.......
########.#.# #....†..
..... #.#.# #.......
..... #.#.# #.......
.....###'#.# #.......
..........# #.......
###.......# #.#.#...
#.......# #.#.#...
#.......# #.#.####


You could see Blork the orc (fast) and an orc priest.

Vanquished Creatures
  Edmund (D:4)
  A kobold brigand (D:3)
  2 hounds (D:4)
  Robin (D:3)
  A gnoll (D:4)
  A worm (D:2)
  5 ball pythons
  3 endoplasms
  4 giant cockroaches
  16 goblins
  9 hobgoblins
  2 jackals (D:4)
  14 kobolds
  A quokka (D:2)
  3 bats
  3 frilled lizards (D:1)
  5 rats
72 creatures vanquished.

Notes
Turn   | Place    | Note
-------+----------+-------------------------------------------
     0 | D:1      | cheesebisquit the Minotaur Berserker began the quest for
                  | the Orb.
     0 | D:1      | Reached XP level 1. HP: 19/19 MP: 0/0
     3 | D:1      | Noticed an electric eel
     4 | D:1      | Noticed an electric eel
   429 | D:1      | Reached XP level 2. HP: 27/27 MP: 1/1
   643 | D:1      | Reached skill level 4 in Axes
  1088 | D:2      | Found a faded altar of an unknown god.
  1238 | D:2      | Reached XP level 3. HP: 33/33 MP: 2/2
  1601 | D:2      | Reached skill level 5 in Axes
  1880 | D:3      | Reached ** piety under Trog
  1990 | D:3      | Noticed Robin
  2005 | D:3      | Killed Robin
  2006 | D:3      | Reached XP level 4. HP: 40/40 MP: 3/3
  2158 | D:3      | Noticed a kobold brigand
  2168 | D:3      | Killed a kobold brigand
  2169 | D:3      | Reached skill level 6 in Axes
  2169 | D:3      | Reached XP level 5. HP: 18/46 MP: 4/4
  2456 | D:4      | Reached skill level 7 in Axes
  2480 | D:4      | Identified the +0 pair of boots of Diahau {Int+9}
  2533 | D:4      | Noticed Edmund
  2536 | D:4      | Noticed Blork the orc
  2544 | D:4      | Killed Edmund
  2545 | D:4      | Reached skill level 8 in Axes
  2545 | D:4      | Reached XP level 6. HP: 45/52 MP: 5/5
  2553 | D:4      | HP: 2/52 [Blork the orc/+0 trident (5)]
  2554 | D:4      | Slain by Blork the orc

Illustrated notes

Levels and vault maps discovered:
D:1:      arrival_aquarium_b, layout_basic, chequers_avenue, minmay_distorted
D:2:      minmay_kobold_bridge, layout_loops_ring, ebering_ecumenical_altar_rust
D:3:      cheibrodos_thug_alley, layout_basic, serial_glass, glass_columns_a,
          glass_columns_a, hangedman_feature_mirror, uniq_robin
D:4:      layout_basic, minmay_temple_entry_proselytizer, uniq_edmund,
          uniq_duvessa, uniq_blork_the_orc

Skill      XL: |  1  2  3  4  5 |
---------------+----------------+-----
Axes           | 4 5 6 8 |  8.3
Fighting       | |  3.8
Armour         | |  2.6
Dodging        | |  2.4

Action                   |  1- 3 |  4- 6 || total
-------------------------+-------+-------++-------
Melee: Hand axe          |    87 |    43 ||   130
       Headbutt          |     9 |     9 ||    18
       Punch             |     1 |       ||     1
Invok: Berserk           |     2 |     2 ||     4
       Trog's Hand       |     1 |     2 ||     3
  Use: Scroll            |     1 |     1 ||     2
Armor: Scale mail        |    31 |    17 ||    48
Dodge: Dodged            |    43 |    37 ||    80
